 Dungeon Crawl Stone Soup version 0.23.1 (webtiles) character file.

Game seed: 5705463515049876289

8933 Xenon25 the Severer (level 11, -3/82 HPs)
             Began as a Hill Orc Fighter on Mar 14, 2019.
             Was a Believer of Trog.
             Slain by a killer bee (4 damage)
             ... on level 10 of the Dungeon.
             The game lasted 00:26:13 (9384 turns).

Xenon25 the Severer (Hill Orc Fighter)              Turns: 9384, Time: 00:26:16

Health: -3/82      AC: 12    Str: 23    XL:     11   Next: 38%
Magic:  0/11       EV:  7    Int:  8    God:    Trog [**....]
Gold:   660        SH:  9    Dex: 10    Spells: 10/10 levels left

rFire    + + .     SeeInvis .   a - +0 war axe
rCold    + . .     Gourm    .   j - +0 shield
rNeg     + . .     Faith    .   l - +0 chain mail
rPois    +         Spirit   +   (no helmet)
rElec    +         Reflect  .   r - +0 cloak
rCorr    +         Harm     .   E - +1 pair of gloves
MR       .....                  (no boots)
Stlth    ..........             k - amulet of guardian spirit
HPRegen  0.23/turn              C - ring of protection from fire
MPRegen  0.12/turn              t - ring of positive energy

@: lethally poisoned (-3 -> -22), resistant, berserk cooldown, slowed, very slow
A: no striking features
a: Berserk, Trog's Hand, Renounce Religion


You were on level 10 of the Dungeon.
You worshipped Trog.
Trog was pleased with you.
You were not hungry.

You visited 2 branches of the dungeon, and saw 11 of its levels.

You collected 660 gold pieces.

Inventory:

Hand Weapons
 a - a +0 war axe (weapon)
 n - a +0 hand axe
Armour
 c - a +0 shield
 j - a +0 shield (worn)
 l - a +0 chain mail (worn)
 r - a +0 cloak (worn)
 E - a +1 pair of gloves (worn)
Jewellery
 k - an amulet of guardian spirit (around neck)
 t - a ring of positive energy (right hand)
 B - an uncursed amulet of harm
 C - a ring of protection from fire (left hand)
Wands
 b - a wand of clouds (8)
 d - a wand of iceblast (11)
 g - a wand of paralysis (18)
 o - a wand of polymorph (14)
 y - a wand of flame (22)
 z - a wand of digging (6)
Scrolls
 e - 4 scrolls of teleportation
 h - 2 scrolls of enchant weapon
 i - 2 scrolls of blinking
 p - 2 scrolls of remove curse {unknown}
 x - a scroll of fear {unknown}
 D - a scroll of amnesia {unknown}
Potions
 m - a potion of ambrosia {unknown}
 q - 4 potions of brilliance
 s - a potion of curing {unknown}
 u - a potion of invisibility {unknown}
 v - 2 potions of agility {unknown}
 w - 4 potions of degeneration {unknown}
Comestibles
 f - 11 rations


   Skills:
 - Level 3.6 Fighting
 + Level 18.8 Axes
 - Level 3.2 Armour
 + Level 5.6 Dodging
 + Level 2.1 Stealth
 - Level 3.2 Shields


You had 10 spell levels left.
You didn't know any spells.
Your spell library was empty.

Dungeon Overview and Level Annotations

Branches:
Dungeon (10/15)            Temple (1/1) D:4
   Lair: D:8-11         Orc: D:9-12

Altars:
Ashenzari
Cheibriados
Elyvilon
Fedhas
Gozag
Hepliaklqana
Kikubaaqudgha
Makhleb
Ru
Sif Muna
Trog
Uskayaw
Vehumet
Wu Jian
Xom
Yredelemnul
Zin
The Shining One

Shops:
D:4 [


Message History

* * * LOW HITPOINT WARNING * * *
Your chain mail prevents you from hitting the killer bee.
Your shield and chain mail prevent you from hitting the killer bee.
Your skin stops crawling.
You feel less resistant to hostile enchantments.
* * * LOW HITPOINT WARNING * * *
You feel very sick. You block the killer bee's attack.
The killer bee stings you but does no damage. x3
Blink to where?
Press: ? - help, Dir - move target cursor, f - you
Okay, then.
You feel protected.
* * * LOW HITPOINT WARNING * * *
You feel very sick.
The killer bee stings you but does no damage.
The killer bee stings you.
* * * LOW HITPOINT WARNING * * *
The killer bee stings you.
You die...

#.........#####......
#....<....#####......
##.......)...........
#...........#####......
#.#######...# #.#####
♣. #...# #.##### ♣..###
#.[.# #......
♣..†####..# #.#####
♣y@.#...#. #.#
♣.y♣♣..#.#.###.# ♣...
♣♣.#.# ..#.##### ..♣♣.
♣.#.# #.#...... ♣.♣ ♣♣
#.#.###.#...... .
♣.........†....
♣....##.........
♣.#.............
♣♣#.###.........


You could see 2 killer bees.

Vanquished Creatures
  A centaur warrior (D:9)
  A two-headed ogre (D:8)
  Pikel (D:5)
  Maurice (D:9)
  Grinder (D:6)
  A troll (D:9)
  Prince Ribbit (D:6)
  2 hippogriffs
  A human (D:7)
  A wyvern (D:8)
  4 hogs (D:7)
  Eustachio (D:5)
  A hungry ghost (D:10)
  Menkaure (D:5)
  2 orc warriors
  2 sky beasts
  An ice beast (D:9)
  A phantom (D:8)
  9 ogres
  6 centaurs
  Blork the orc (D:5)
  5 bullfrogs
  3 scorpions
  20 killer bees
  A water moccasin skeleton (D:7)
  3 wights (D:6)
  6 crimson imps
  4 hounds
  A centaur skeleton (D:8)
  3 orc wizards
  Crazy Yiuf (D:2)
  Ijyb (D:5)
  An iguana (D:6)
  8 orc priests
  Jessica (D:2)
  Natasha (thrice) (D:2)
  9 worker ants
  2 worker ant zombies
  Robin (D:2)
  4 gnolls (D:3)
  7 adders
  A shadow imp (D:8)
  2 oozes
  An adder zombie (D:7)
  A worm (D:4)
  A dart slug (D:4)
  6 leopard geckos
  31 orcs
  6 bats
  8 giant cockroaches
  13 goblins
  7 hobgoblins
  15 jackals
  7 kobolds
  9 quokkas
  A ball python (D:6)
  A ball python zombie (D:5)
  3 frilled lizards (D:2)
  A leopard gecko skeleton (D:6)
  A leopard gecko zombie (D:6)
  2 rats
241 creatures vanquished.

Vanquished Creatures (others)
  A slave (D:5)
  An adder (D:5)
2 creatures vanquished.

Grand Total: 243 creatures vanquished

Notes
Turn   | Place    | Note
-------+----------+-------------------------------------------
     0 | D:1      | Xenon25 the Hill Orc Fighter began the quest for the Orb.
     0 | D:1      | Reached XP level 1. HP: 19/19 MP: 1/1
    54 | D:1      | Reached skill level 3 in Axes
    77 | D:1      | Reached XP level 2. HP: 25/26 MP: 2/2
   318 | D:1      | Reached skill level 4 in Axes
   427 | D:1      | Reached XP level 3. HP: 31/31 MP: 3/3
   659 | D:2      | Noticed Jessica
   662 | D:2      | Killed Jessica
   662 | D:2      | Reached skill level 5 in Axes
   662 | D:2      | Reached XP level 4. HP: 39/39 MP: 4/4
   765 | D:2      | Noticed Robin
   781 | D:2      | Killed Robin
   898 | D:2      | Noticed Natasha
   907 | D:2      | Killed Natasha
   907 | D:2      | Reached skill level 6 in Axes
  1028 | D:2      | Reached XP level 5. HP: 40/45 MP: 2/5
  1075 | D:2      | Noticed Natasha
  1103 | D:2      | Killed Natasha
  1103 | D:2      | Reached skill level 1 in Dodging
  1227 | D:2      | Noticed Natasha
  1232 | D:2      | Killed Natasha
  1232 | D:2      | Reached skill level 7 in Axes
  1326 | D:2      | Found a snail-covered altar of Cheibriados.
  1361 | D:2      | Found a runed translucent door.
  1362 | D:2      | Noticed Crazy Yiuf
  1370 | D:2      | Killed Crazy Yiuf
  1598 | D:3      | Found a shimmering altar of Xom.
  1859 | D:3      | Reached XP level 6. HP: 51/51 MP: 6/6
  2188 | D:4      | Found a staircase to the Ecumenical Temple.
  2193 | D:4      | Reached skill level 8 in Axes
  2232 | Temple   | Entered the Ecumenical Temple
  2245 | Temple   | Became a worshipper of Trog the Wrathful
  2433 | D:4      | Reached skill level 1 in Stealth
  2460 | D:4      | Found a shattered altar of Ashenzari.
  2583 | D:4      | Found a white marble altar of Elyvilon.
  2904 | D:4      | Reached skill level 9 in Axes
  2904 | D:4      | Reached XP level 7. HP: 52/57 MP: 5/7
  2911 | D:4      | Found Fekojato's Armour Emporium.
  3069 | D:5      | Entered Level 5 of the Dungeon
  3122 | D:5      | Noticed Eustachio
  3152 | D:5      | Killed Eustachio
  3200 | D:5      | Noticed Pikel
  3214 | D:5      | Killed Pikel
  3214 | D:5      | Reached skill level 11 in Axes
  3214 | D:5      | Reached XP level 8. HP: 42/64 MP: 5/8
  3551 | D:5      | Noticed Blork the orc
  3560 | D:5      | Killed Blork the orc
  3560 | D:5      | Reached * piety under Trog
  3560 | D:5      | Reached skill level 12 in Axes
  3728 | D:5      | Noticed Menkaure
  3740 | D:5      | Killed Menkaure
  3958 | D:5      | Noticed Ijyb
  3958 | D:5      | Paralysed by Ijyb for 2 turns
  3965 | D:5      | Killed Ijyb
  4287 | D:6      | Reached skill level 13 in Axes
  4296 | D:6      | Reached XP level 9. HP: 25/70 MP: 4/9
  4526 | D:6      | Found a hazy altar of Hepliaklqana.
  4762 | D:6      | Reached ** piety under Trog
  4790 | D:6      | Reached skill level 14 in Axes
  4875 | D:6      | Noticed Prince Ribbit
  4895 | D:6      | Killed Prince Ribbit
  5092 | D:6      | Found a glowing golden altar of the Shining One.
  5092 | D:6      | Noticed Grinder
  5101 | D:6      | Paralysed by Grinder for 6 turns
  5110 | D:6      | Killed Grinder
  5111 | D:6      | Noticed an angel
  5119 | D:6      | Found a basalt altar of Yredelemnul.
  5121 | D:6      | Noticed a profane servitor
  5356 | D:7      | Reached skill level 15 in Axes
  5368 | D:7      | HP: 1/70 [orc priest/divine providence (10)]
  5653 | D:7      | Found a radiant altar of Vehumet.
  5671 | D:7      | Reached XP level 10. HP: 68/77 MP: 2/10
  5804 | D:7      | Reached skill level 16 in Axes
  6235 | D:8      | Found a bloodstained altar of Trog.
  6625 | D:8      | Reached skill level 17 in Axes
  6990 | D:8      | Found an ancient bone altar of Kikubaaqudgha.
  7016 | D:8      | Found an ornate altar of the Wu Jian Council.
  7199 | D:8      | Noticed a two-headed ogre
  7211 | D:8      | Killed a two-headed ogre
  7262 | D:8      | Identified Geuton's Papyrus of Conjuration
  7264 | D:8      | Found a burning altar of Makhleb.
  7324 | D:8      | Found a sacrificial altar of Ru.
  7871 | D:8      | Reached skill level 5 in Dodging
  7983 | D:9      | Reached XP level 11. HP: 36/82 MP: 4/11
  8363 | D:9      | Found a deep blue altar of Sif Muna.
  8514 | D:9      | Reached skill level 18 in Axes
  8537 | D:9      | Noticed Maurice
  8555 | D:9      | Killed Maurice
  8636 | D:9      | Noticed a centaur warrior
  8651 | D:9      | Killed a centaur warrior
  9008 | D:9      | Found an opulent altar of Gozag.
  9261 | D:10     | Entered Level 10 of the Dungeon
  9375 | D:10     | Reached *** piety under Trog
  9384 | D:10     | HP: 3/82 [poisoned by a killer bee]
  9384 | D:10     | HP: 1/82 [killer bee (2)]
  9384 | D:10     | Slain by a killer bee

Skill      XL: |  1  2  3  4  5  6  7  8  9 10 11 |
---------------+----------------------------------+-----
Axes           | 3 4 5 6 7 9 11 13 15 17 18 | 18.8
Dodging        | 1 2 3 5 |  5.6
Stealth        | 1 2 |  2.1
Fighting       | |  3.6
Armour         | |  3.2
Shields        | |  3.2

Action                   |  1- 3 |  4- 6 |  7- 9 | 10-12 || total
-------------------------+-------+-------+-------+-------++-------
Melee: War axe           |    63 |   254 |   352 |   385 ||  1054
Invok: Berserk           |       |       |     6 |     5 ||    11
       Trog's Hand       |       |       |     4 |     7 ||    11
  Use: Scroll            |       |       |     7 |       ||     7
       Potion            |       |       |     2 |     1 ||     3
 Stab: Invisible         |       |     2 |       |       ||     2
  Eat: Chunk             |       |     7 |    10 |     6 ||    23
       Ration            |       |       |     2 |     5 ||     7
Armor: Scale mail        |     6 |       |       |       ||     6
       Chain mail        |    35 |   159 |   129 |   168 ||   491
Dodge: Dodged            |    16 |    47 |    59 |   105 ||   227
Block: Shield            |    35 |   120 |   131 |   178 ||   464
